 Dungeon Crawl Stone Soup version 0.17.0-18-gaab0e96 (console) character file.

47 gw the Stinger (level 3, -7/26 HPs)
             Began as a Demigod Venom Mage on Nov 11, 2015.
             Mangled by a gnoll
             ... wielding a +0 spear
              (9 damage)
             ... on level 2 of the Dungeon.
             The game lasted 00:01:31 (2072 turns).

gw the Stinger (Demigod Venom Mage)                 Turns: 2072, Time: 00:01:31

Health: -7/26      AC:  2    Str: 11    XL:     3   Next: 29%
Magic:  2/9        EV: 12    Int: 21    God:
Gold:   54         SH:  0    Dex: 16    Spells: 2 memorised, 3 levels left

rFire  . . .     SeeInvis .     b - +0 whip
rCold  . . .     Clarity  .     a - +0 robe
rNeg   . . .     SustAt   +     (no shield)
rPois  .         Gourm    .     (no helmet)
rElec  .         Spirit   .     (no cloak)
rCorr  .         Warding  .     (no gloves)
rMut   .         Stasis   .     (no boots)
MR     .....                    (no amulet)
Stlth  ++........               (no ring)
                                (no ring)

@: not resistant to hostile enchantments, unstealthy
A: high mp 1, sustain attributes
a: no special abilities


You were on level 2 of the Dungeon.
You were not hungry.

You visited 1 branch of the dungeon, and saw 2 of its levels.

You collected 54 gold pieces.

Inventory:

Hand Weapons
 b - a +0 whip (weapon)
Missiles
 d - 53 stones (quivered)
Armour
 a - a +0 robe (worn)
Books
 e - a Young Poisoner's Handbook

   Spells                             Type                      Level
   a - Sting                          Conjuration/Poison           1
   b - Cure Poison                    Poison                       2
   c - Mephitic Cloud                 Conjuration/Poison/Air       3
   d - Olgreb's Toxic Radiance        Poison                       4
   e - Venom Bolt                     Conjuration/Poison           5
Comestibles
 c - a bread ration


   Skills:
 + Level 0.6 Maces & Flails
 + Level 1.1 Armour
 - Level 1.7 Dodging
 - Level 1.7 Stealth
 * Level 2.5 Spellcasting
 + Level 3.9 Poison Magic


You had 3 spell levels left.
You knew the following spells:

 Your Spells              Type           Power        Failure   Level  Hunger
a - Sting                 Conj/Pois      ##..         8%          1    None
b - Mephitic Cloud        Conj/Pois/Air  #.......     30%         3    ###....


Dungeon Overview and Level Annotations

Branches:
Dungeon (2/15)


Innate Abilities, Weirdness & Mutations

You have an increased reservoir of magic (+10% MP).
Your attributes are resistant to harm.


Message History

Casting: Sting
Confirm with . or Enter, or press ? or * to list all spells.
Aiming: Sting
Press: ? - help, Shift-Dir - straight line, f - gnoll
Aim: a gnoll, wielding a spear (moderately wounded)
The sting hits the gnoll.
The gnoll is poisoned.
The gnoll is almost dead.
The gnoll completely misses you.
Unknown command.
Unknown command.
Unknown command.
Unknown command.
Casting: Sting
Confirm with . or Enter, or press ? or * to list all spells.
Aiming: Sting
Press: ? - help, Shift-Dir - straight line, f/p - gnoll
Aim: a gnoll, wielding a spear (almost dead, poisoned)
The sting misses the gnoll.
The gnoll hits you from afar with a spear!
You die...

.....####........####.g
...?....g..............
........#........(.....
.....##.............g..
.... ###..#.##(#####%.
####.####.g.....# #..
#........g...# #..
##########.#### #..
#...p)g....### #..
#.######.....######..
#.###.#.......
#<###.#.#.....
#)#...........
#.#.#.#.......
#.#.#.#.......
..............
.##.##.#......


You could see a gnoll.

Table legend:
 A = Turns spent in this place as a percentage of turns spent in the entire game.
 B = Non-inter-level travel turns spent in this place as a percentage of non-inter-level travel turns spent in the entire game.
 C = Inter-level travel turns spent in this place as a percentage of turns spent in this place.
 D = Turns resting spent in this place as a percentage of non-inter-level travel turns spent in this place.
 E = Turns spent auto-exploring this place as a percentage of non-inter-level travel turns spent in this place.
 F = Non-inter-level travel turns spent in this place divided by the number of levels of this place that you've seen.
                   A       B       C       D       E      F
               +-------+-------+-------+-------+-------+----------------------
         Total | 100.0 | 100.0 |   0.7 |   3.7 |   2.3 | 1055.5
       Dungeon | 100.0 | 100.0 |   0.7 |   3.7 |   2.3 | 1055.5
               +-------+-------+-------+-------+-------+----------------------

Table legend:
 A = Kills in this place as a percentage of kills in entire the game.
 B = Kills by you in this place as a percentage of kills by you in the entire game.
 C = Kills by friends in this place as a percentage of kills by friends in the entire game.
 D = Other kills in this place as a percentage of other kills in the entire game.
 E = Experience gained in this place as a percentage of experience gained in the entire game.
 F = Experience gained in this place divided by the number of levels of this place that you have seen.
                   A       B       C       D       E      F
               +-------+-------+-------+-------+-------+----------------------
         Total | 100.0 | 100.0 |  -nan |  -nan | 100.0 |  34.0
       Dungeon | 100.0 | 100.0 |  -nan |  -nan | 100.0 |  34.0
               +-------+-------+-------+-------+-------+----------------------

Vanquished Creatures
  A gnoll (D:2)
  3 giant geckos
  A ball python (D:1)
  5 bats
  A giant cockroach (D:1)
  3 hobgoblins
  2 jackals (D:2)
  3 kobolds
  2 quokkas (D:2)
  6 goblins
  6 rats
33 creatures vanquished.

Notes
Turn   | Place    | Note
--------------------------------------------------------------
     0 | D:1      | gw the Demigod Venom Mage began the quest for the Orb.
     0 | D:1      | Reached XP level 1. HP: 14/14 MP: 5/5
   439 | D:1      | Reached XP level 2. HP: 10/20 MP: 1/7
  1315 | D:2      | Reached skill level 1 in Armour
  1691 | D:2      | Reached XP level 3. HP: 7/26 MP: 1/9
  2001 | D:2      | Learned a level 3 spell: Mephitic Cloud
  2070 | D:2      | HP: 1/26 [gnoll/spear (6)]
  2072 | D:2      | Mangled by a gnoll

Action                   || total
-------------------------++-------
Melee: Whip              ||     1
Throw: Stone             ||    19
 Cast: Sting             ||   103
  Eat: Chunk             ||     4

Vault maps used:
D:1:      eino_arrival_water_cross
D:2:      dk_noncrumbling_4, minmay_cupped
